Map: Moonlight Madness LE (Void)

Players

Toons

  • Race: Terran Terran
  • League: Silver

Krpo - Winner!

  • Race: Zerg Zerg
  • League: Silver

VOD

Have the link to the VOD?

Description

Time

  • Played on: Aug. 3, 2015, 6:50 a.m.
  • Length: 4:34
Show
View Real Time Build Order
Export as new Build Order

Toons Terran 

Build Orders:  

Get SALT Encoding   

  12  0:02  SCV  
  13  0:16  SCV  
  14  0:24  Supply Depot  
  14  0:28  SCV  
  15  0:42  Refinery  
  15  0:49  Barracks  
  15  0:53  SCV  
  16  1:06  SCV  
  17  1:18  SCV  
  18  1:30  SCV  
  19  1:33  Refinery  
  19  1:37  Barracks  
  19  1:44  Supply Depot  
  19  1:45  SCV  
  20  1:58  SCV  
  21  2:05  Barracks Tech Lab  
  21  2:15  Command Center  
  21  2:21  SCV  
  22  2:24  Reaper  
  23  2:38  SCV  
  24  2:51  SCV  
  24  2:52  Barracks Reactor  
  24  2:56  Marine  
  25  3:08  SCV  
  26  3:14  Marine  
  26  3:17  Factory  
  27  3:22  Supply Depot  
  27  3:26  Orbital Command  
  27  3:32  Marine x2  
  29  3:57  Marine x2  
  29  3:58  SCV x2  
  32  4:07  Factory Reactor  
  32  4:13  Starport  
  32  4:14  SCV  
  32  4:15  SCV  
  34  4:19  Supply Depot  
  34  4:22  Supply Depot  
Show
View Real Time Build Order
Export as new Build Order

Krpo Zerg - Winner!

Build Orders: Hatch First 

Get SALT Encoding   

  12  0:01  Drone  
  13  0:09  Drone  
  14  0:15  Drone, Extractor  
  15  0:41  Hatchery  
  14  0:44  Extractor x2  
  14  0:46  Drone  
  14  0:49  Drone  
  14  0:56  Overlord  
  15  1:13  Spawning Pool  
  14  1:20  Drone x2  
  14  1:24  Drone  
  17  1:34  Drone  
  18  1:42  Drone  
  19  1:53  Drone  
  20  2:01  Queen x2  
  22  2:06  Metabolic Boost  
  24  2:10  Zergling x2  
  24  2:13  Zergling x2  
  26  2:16  Zergling x2  
  26  2:22  Overlord  
  27  2:27  Zergling x2  
  28  2:45  Zergling x2  
  28  2:46  Zergling x6  
  32  3:00  Queen x2  
  32  3:03  Overlord  
  36  3:22  Zergling x12  
  36  3:26  Zergling x2  
  43  3:28  Zergling x2  
  44  3:42  Overlord  
  44  3:43  Overlord  
  42  4:10  Zergling x2  
  42  4:11  Zergling x18  
Tags
 
Add a new tag
Caveats
  • Supply blocks, unpowered buildings, or Contaminate may cause inaccurate times.
  • Supply counts are checked every 10 seconds.